SNL (28 & UNDER)
MEMPHIS BLUES @ MONTGOMERY BISCUITS
08/03/2025
 
TOP OF THE 1ST
Memphis Blues batting - Pitching for Montgomery Biscuits : LHP Gonzalo Martínez
Pitching: LHP Gonzalo Martínez
Batting: RHB Jorge Domínguez 0-0: Ball
1-0: Ground out 5-3 (Groundball, 15S)
Batting: RHB Javier Ramírez 0-0: Ball
1-0: Ball
2-0: Ball
3-0: Base on Balls
Batting: RHB Andrew Benson 0-0: Ball
1-0: Called Strike
1-1: SINGLE (Line Drive, 78S)
Javier Ramírez to second
Batting: RHB Irwin Duncan 0-0: Swinging Strike
0-1: Ball
1-1: Called Strike
Throwing error on steal attempt, E2
Javier Ramírez scores
Andrew Benson to third
1-2: Foul Ball, location: 2F
1-2: Ball
2-2: Foul Ball, location: 2F
2-2: Fly out, F8 (Flyball, 8LD)
Runner from 3rd tags up, SCORES, no throw
Batting: RHB Glenn Johnson 0-0: Ball
1-0: DOUBLE (Flyball, 89XD)
Batting: RHB Artie Green 0-0: Ground out U3 (Groundball, 3S)
Top of the 1st over - 2 run(s), 2 hit(s), 1 error(s), 1 left on base; Memphis 2 - Montgomery 0
BOTTOM OF THE 1ST
Montgomery Biscuits batting - Pitching for Memphis Blues : RHP Fernando Llama
Pitching: RHP Fernando Llama
Batting: RHB Juan Díaz 0-0: Ball
1-0: Ball
2-0: Called Strike
2-1: Ball
3-1: Called Strike
3-2: Strikes out swinging
Batting: RHB Yujiro Kurihara 0-0: SINGLE (Groundball, 34D)
Batting: LHB José Hernández 0-0: Called Strike
0-1: Ball
1-1: Ball
2-1: Ball
3-1: Grounds into double play, 4-6-3 (Groundball, 4)
Bottom of the 1st over - 0 run(s), 1 hit(s), 0 error(s), 0 left on base; Memphis 2 - Montgomery 0
TOP OF THE 2ND
Memphis Blues batting - Pitching for Montgomery Biscuits : LHP Gonzalo Martínez
Batting: RHB Jorge Fuentes 0-0: Called Strike
0-1: Swinging Strike
0-2: Ground out 6-3 (Groundball, 6M)
Batting: RHB Salvador Mendoza 0-0: Called Strike
0-1: Foul Ball, location: 2F
0-2: Ball
1-2: Ball
2-2: Ball
3-2: Foul Ball, location: 2F
3-2: Reached on error, E4 (Groundball, 34S)
Batting: LHB John Foster 0-0: Ball
1-0: Swinging Strike
1-1: Ball
2-1: Ball
3-1: Ground out 4-3 (Groundball, 13)
Salvador Mendoza to third
Batting: RHB Jorge Domínguez 0-0: Swinging Strike
0-1: Called Strike
0-2: Ball
1-2: Ball
2-2: Ball
3-2: Base on Balls
Batting: RHB Javier Ramírez 0-0: Called Strike
0-1: Fielders Choice at 2nd, U4 (Groundball, 4M)
Top of the 2nd over - 0 run(s), 0 hit(s), 1 error(s), 2 left on base; Memphis 2 - Montgomery 0
BOTTOM OF THE 2ND
Montgomery Biscuits batting - Pitching for Memphis Blues : RHP Fernando Llama
Batting: LHB José Martínez 0-0: Ball
1-0: SINGLE (Groundball, 6MD)
Batting: SHB Lawrence Farley 0-0: Swinging Strike
0-1: Ball
1-1: Ball
2-1: Called Strike
2-2: Ball
3-2: Strikes out swinging
Batting: RHB Peyton Yardley 0-0: Called Strike
0-1: Ball
1-1: Fly out, F8 (Flyball, 8RXD)
Now in CF: Scott Merritt
Batting: RHB Pete Smith 0-0: Swinging Strike
0-1: Ball
1-1: Ball
2-1: Foul Ball, location: 2F
2-2: Foul Ball, location: 2F
2-2: SINGLE (Line Drive, 89M)
José Martínez to second
Batting: LHB Curt Causton 0-0: Ball
1-0: Foul Ball, location: 2F
1-1: Ball
2-1: Ball
3-1: Ground out 1-3 (Groundball, 13)
Bottom of the 2nd over - 0 run(s), 2 hit(s), 0 error(s), 2 left on base; Memphis 2 - Montgomery 0
TOP OF THE 3RD
Memphis Blues batting - Pitching for Montgomery Biscuits : LHP Gonzalo Martínez
Batting: RHB Andrew Benson 0-0: Ball
1-0: Ball
2-0: Ball
3-0: Base on Balls
Batting: RHB Irwin Duncan 0-0: Swinging Strike
0-1: Foul Ball, location: 2F
0-2: Strikes out swinging
Batting: RHB Glenn Johnson 0-0: Swinging Strike
0-1: Called Strike
0-2: Ball
1-2: SINGLE (Line Drive, 78S)
Andrew Benson to second
Batting: RHB Artie Green 0-0: Ball
1-0: Ball
2-0: Ball
3-0: Called Strike
3-1: Base on Balls
Andrew Benson to third
Glenn Johnson to second
Batting: RHB Jorge Fuentes 0-0: Ball
1-0: Ball
2-0: Called Strike
2-1: DOUBLE (Line Drive, 9LM)
Andrew Benson scores
Glenn Johnson scores
Artie Green to third
Batting: RHB Salvador Mendoza 0-0: Ground out 4-3 (Groundball, 34)
Artie Green scores
Jorge Fuentes to third
Batting: RHB Scott Merritt 0-0: Called Strike
0-1: Ball
1-1: Ball
2-1: Foul Ball, location: 2F
2-2: Foul Ball, location: 2F
2-2: Fly out, F2 (Popup, 2LF)
Top of the 3rd over - 3 run(s), 2 hit(s), 0 error(s), 1 left on base; Memphis 5 - Montgomery 0
BOTTOM OF THE 3RD
Montgomery Biscuits batting - Pitching for Memphis Blues : RHP Fernando Llama
Batting: RHB Dave Williams 0-0: Foul Ball, location: 2F
0-1: Swinging Strike
0-2: Strikes out swinging
Batting: RHB Juan Díaz 0-0: Called Strike
0-1: Ball
1-1: Ball
2-1: Foul Ball, location: 2F
2-2: Ground out 4-3 (Groundball, 4)
Batting: RHB Yujiro Kurihara 0-0: Ball
1-0: Ball
2-0: Foul Ball, location: 2F
2-1: Ground out 6-3 (Groundball, 6)
Bottom of the 3rd over - 0 run(s), 0 hit(s), 0 error(s), 0 left on base; Memphis 5 - Montgomery 0
TOP OF THE 4TH
Memphis Blues batting - Pitching for Montgomery Biscuits : LHP Gonzalo Martínez
Batting: RHB Jorge Domínguez 0-0: Ground out 5-3 (Groundball, 5L)
Batting: RHB Javier Ramírez 0-0: Called Strike
0-1: Ball
1-1: Called Strike
1-2: Ball
2-2: Ball
3-2: Base on Balls
Batting: RHB Andrew Benson 0-0: Ball
1-0: Foul Ball, location: 2F
1-1: Ball
2-1: Called Strike
2-2: Ball
3-2: Foul Ball, location: 2F
3-2: Base on Balls
Javier Ramírez to second
Batting: RHB Irwin Duncan 0-0: Foul Ball, location: 2F
0-1: Ball
1-1: Ball
2-1: Called Strike
2-2: Fielders Choice at 2nd, 4-6 (Groundball, 34)
Javier Ramírez to third
Batting: RHB Glenn Johnson 0-0: Fielders Choice at 2nd, 6-4 (Groundball, 6)
Top of the 4th over - 0 run(s), 0 hit(s), 0 error(s), 1 left on base; Memphis 5 - Montgomery 0
BOTTOM OF THE 4TH
Montgomery Biscuits batting - Pitching for Memphis Blues : RHP Fernando Llama
Batting: LHB José Hernández 0-0: Called Strike
0-1: Foul Ball, location: 2F
0-2: Ball
1-2: SINGLE (Groundball, 4MD)
Batting: LHB José Martínez 0-0: Ball
1-0: Ball
2-0: Grounds into double play, 6-4-3 (Groundball, 6)
Batting: SHB Lawrence Farley 0-0: Fly out, F7 (Flyball, 78M)
Bottom of the 4th over - 0 run(s), 1 hit(s), 0 error(s), 0 left on base; Memphis 5 - Montgomery 0
TOP OF THE 5TH
Memphis Blues batting - Pitching for Montgomery Biscuits : LHP Gonzalo Martínez
Batting: RHB Artie Green 0-0: Ball
1-0: Fly out, F7 (Flyball, 78D)
Batting: RHB Jorge Fuentes 0-0: Ball
1-0: Foul Ball, location: 2F
1-1: Swinging Strike
1-2: Strikes out swinging
Batting: RHB Salvador Mendoza 0-0: Ball
1-0: Ground out 6-3 (Groundball, 6MS)
Top of the 5th over - 0 run(s), 0 hit(s), 0 error(s), 0 left on base; Memphis 5 - Montgomery 0
BOTTOM OF THE 5TH
Montgomery Biscuits batting - Pitching for Memphis Blues : RHP Fernando Llama
Batting: RHB Peyton Yardley 0-0: Foul Ball, location: 2F
0-1: Ball
1-1: Ball
2-1: Ground out 6-3 (Groundball, 56)
Batting: RHB Pete Smith 0-0: Ball
1-0: Fly out, F4 (Popup, 34D)
Batting: LHB Curt Causton 0-0: Ball
1-0: Foul Ball, location: 2F
1-1: TRIPLE (Flyball, 8RXD)
Batting: RHB Dave Williams 0-0: Called Strike
0-1: Ground out 5-3 (Groundball, 56)
Bottom of the 5th over - 0 run(s), 1 hit(s), 0 error(s), 1 left on base; Memphis 5 - Montgomery 0
TOP OF THE 6TH
Memphis Blues batting - Pitching for Montgomery Biscuits : LHP Gonzalo Martínez
Pitching: LHP Trevor Nichols
Batting: RHB Scott Merritt 0-0: Ball
1-0: Ball
2-0: Swinging Strike
2-1: Ground out 4-3 (Groundball, 4)
Batting: RHB Jorge Domínguez 0-0: Called Strike
0-1: Ball
1-1: Ball
2-1: Foul Ball, location: 2F
2-2: Strikes out swinging
Batting: RHB Javier Ramírez 0-0: Called Strike
0-1: Swinging Strike
0-2: Foul Ball, location: 2F
0-2: Ball
1-2: Foul Ball, location: 2F
1-2: Strikes out looking
Top of the 6th over - 0 run(s), 0 hit(s), 0 error(s), 0 left on base; Memphis 5 - Montgomery 0
BOTTOM OF THE 6TH
Montgomery Biscuits batting - Pitching for Memphis Blues : RHP Fernando Llama
Batting: RHB Juan Díaz 0-0: Ball
1-0: Foul Ball, location: 2F
1-1: Ball
2-1: Fly out, F8 (Flyball, 8RXD)
Batting: RHB Yujiro Kurihara 0-0: Ball
1-0: Ball
2-0: Fly out, F8 (Flyball, 8LM)
Batting: LHB José Hernández 0-0: Ball
1-0: Ball
2-0: Ball
3-0: Called Strike
3-1: Called Strike
3-2: Fly out, F8 (Line Drive, 8RM)
Bottom of the 6th over - 0 run(s), 0 hit(s), 0 error(s), 0 left on base; Memphis 5 - Montgomery 0
TOP OF THE 7TH
Memphis Blues batting - Pitching for Montgomery Biscuits : LHP Trevor Nichols
Batting: RHB Andrew Benson 0-0: Ball
1-0: Swinging Strike
1-1: Foul Ball, location: 2F
1-2: Strikes out swinging
Batting: RHB Irwin Duncan 0-0: Ball
1-0: Foul Ball, location: 2F
1-1: Ball
2-1: Foul Ball, location: 2F
2-2: Foul Ball, location: 2F
2-2: Ball
3-2: Ground out 5-3 (Groundball, 56S)
Batting: RHB Glenn Johnson 0-0: SOLO HOME RUN (Flyball, 78XD), Distance : 411 ft
Batting: RHB Artie Green 0-0: Ball
1-0: Ball
2-0: Called Strike
2-1: Foul Ball, location: 2F
2-2: Foul Ball, location: 2F
2-2: Strikes out swinging
Top of the 7th over - 1 run(s), 1 hit(s), 0 error(s), 0 left on base; Memphis 6 - Montgomery 0
BOTTOM OF THE 7TH
Montgomery Biscuits batting - Pitching for Memphis Blues : RHP Fernando Llama
Batting: LHB José Martínez 0-0: Foul Ball, location: 2F
0-1: Swinging Strike
0-2: Foul Ball, location: 2F
0-2: Ball
1-2: Ball
2-2: Ball
3-2: Foul Ball, location: 2F
3-2: Foul Ball, location: 2F
3-2: Base on Balls
Batting: SHB Lawrence Farley 0-0: Called Strike
0-1: Ball
1-1: Foul Ball, location: 2F
1-2: Strikes out swinging
Batting: RHB Peyton Yardley 0-0: Called Strike
0-1: Ball
1-1: Swinging Strike
1-2: Foul Ball, location: 2F
1-2: Strikes out swinging
Pitching: RHP Miguel García
Batting: RHB Pete Smith 0-0: Fly out, F7 (Flyball, 78S)
Bottom of the 7th over - 0 run(s), 0 hit(s), 0 error(s), 1 left on base; Memphis 6 - Montgomery 0
TOP OF THE 8TH
Memphis Blues batting - Pitching for Montgomery Biscuits : LHP Trevor Nichols
Pitching: LHP Steve Billington
Batting: RHB Jorge Fuentes 0-0: SINGLE (Flyball, 8RS)
Batting: RHB Salvador Mendoza 0-0: Bunt missed!
0-1: Bunted foul
0-2: Fly out, F8 (Line Drive, 8RM)
Batting: RHB Scott Merritt 0-0: Ball
1-0: Fly out, F8 (Flyball, 8RM)
Batting: RHB Jorge Domínguez 0-0: Called Strike
0-1: Foul Ball, location: 2F
0-2: Ball
1-2: Ball
Jorge Fuentes steals 2nd base
2-2: Ball
3-2: Base on Balls
Batting: RHB Javier Ramírez 0-0: Swinging Strike
0-1: Swinging Strike
0-2: Foul Ball, location: 2F
0-2: Ball
1-2: Strikes out swinging
Top of the 8th over - 0 run(s), 1 hit(s), 0 error(s), 2 left on base; Memphis 6 - Montgomery 0
BOTTOM OF THE 8TH
Montgomery Biscuits batting - Pitching for Memphis Blues : RHP Miguel García
Now at 3B: Ángel López
Batting: LHB Curt Causton Single, Error in OF, E7, batter to second base
Batting: RHB Dave Williams 0-0: Ground out 6-3 (Groundball, 6)
Batting: RHB Juan Díaz 0-0: Ball
1-0: SINGLE (Line Drive, 6M)
Curt Causton to third
Batting: RHB Yujiro Kurihara 0-0: 3-RUN HOME RUN (Flyball, 7LD), Distance : 355 ft
Pitching: LHP Ramón Vázquez
Batting: LHB José Hernández 0-0: Ball
1-0: Ground out 1-3 (Groundball, 15)
Batting: LHB José Martínez 0-0: Ball
1-0: Foul Ball, location: 2F
1-1: Called Strike
1-2: Foul Ball, location: 2F
1-2: Fly out, F4 (Popup, 4D)
Bottom of the 8th over - 3 run(s), 3 hit(s), 1 error(s), 0 left on base; Memphis 6 - Montgomery 3
TOP OF THE 9TH
Memphis Blues batting - Pitching for Montgomery Biscuits : LHP Steve Billington
Batting: RHB Andrew Benson 0-0: Called Strike
0-1: Ball
1-1: Called Strike
1-2: Strikes out swinging
Batting: RHB Irwin Duncan 0-0: Foul Ball, location: 2F
0-1: Called Strike
0-2: Ball
1-2: Foul Ball, location: 2F
1-2: Strikes out looking
Batting: RHB Glenn Johnson 0-0: Called Strike
0-1: Swinging Strike
0-2: Ball
1-2: Foul Ball, location: 2F
1-2: SINGLE (Line Drive, 9S)
Batting: RHB Artie Green 0-0: Foul Ball, location: 2F
0-1: Fly out, F4 (Popup, 34)
Top of the 9th over - 0 run(s), 1 hit(s), 0 error(s), 1 left on base; Memphis 6 - Montgomery 3
BOTTOM OF THE 9TH
Montgomery Biscuits batting - Pitching for Memphis Blues : LHP Ramón Vázquez
Pitching: RHP Carlos Ledezma
Batting: SHB Lawrence Farley 0-0: Called Strike
0-1: Fly out, F7 (Flyball, 7M)
Batting: RHB Peyton Yardley 0-0: Ball
1-0: Ball
2-0: Called Strike
2-1: Ball
3-1: Foul Ball, location: 2F
3-2: Base on Balls
Batting: RHB Pete Smith 0-0: Ball
1-0: Foul Ball, location: 2F
1-1: Foul Ball, location: 2F
1-2: Ball
2-2: Foul Ball, location: 2F
2-2: Ball
3-2: Foul Ball, location: 2F
3-2: Base on Balls
Peyton Yardley to second
Pinch Hitting: SHB Terry O'Farrell 0-0: Called Strike
0-1: Ground out 5-3 (Groundball, 5S)
Peyton Yardley to third
Pete Smith to second
Pinch Hitting: RHB Warren Martin 0-0: Ball
1-0: Ball
2-0: Ball
3-0: Foul Ball, location: 2F
3-1: Foul Ball, location: 2F
3-2: Base on Balls
Batting: RHB Juan Díaz 0-0: Ball
1-0: Fielders Choice at 2nd, 5-4 (Groundball, 56)
Bottom of the 9th over - 0 run(s), 0 hit(s), 0 error(s), 2 left on base; Memphis 6 - Montgomery 3
This league is powered by Out of the Park Baseball, the baseball management simulation game for PC, Mac and Linux
Tuesday, August 2nd, 2016 - OOTP Baseball 16.8 Build 38